 Dungeon Crawl Stone Soup version 0.30.0-19-g36f170ea60 (webtiles) character file.

Game seed: 5208722070848242976

21 monsoonserge the Magician (level 2, 0/15 HPs)
             Began as a Deep Elf Hedge Wizard on May 29, 2023.
             Succumbed to an adder's poison
             ... on level 1 of the Dungeon.
             The game lasted 00:04:30 (1076 turns).

monsoonserge the Magician (Deep Elf Hedge Wizard)   Turns: 1076, Time: 00:04:31

Health: 0/15       AC:  2    Str:  5 (7)  XL:     2   Next: 62%
Magic:  7/10       EV: 12    Int: 16 (18) God:
Gold:   89         SH:  0    Dex: 11 (14) Spells: 6/11 levels left

rFire   + . .        a - +0 dagger
rCold   + . .        (no shield)
rNeg    . . .        b - +0 robe
rPois   +            c - +0 hat
rElec   +            (no cloak)
rCorr   +            (no gloves)
SInv    .            (no boots)
Will    .....        (no amulet)
Stlth   ++           (no ring)
HPRegen 0.22/turn    (no ring)
MPRegen 0.12/turn

%: no passive effects
@: lethally poisoned (0 -> -2), resistant
A: no striking features
a: no special abilities


You were on level 1 of the Dungeon.
You visited 1 branch of the dungeon, and saw 2 of its levels.

You collected 89 gold pieces.

Inventory:

Hand Weapons
 a - a +0 dagger (weapon)
Missiles
 h - 2 boomerangs (quivered)
Armour
 b - a +0 robe (worn)
 c - a +0 hat (worn)
 m - a +1 ring mail of cold resistance
Scrolls
 e - a scroll of enchant weapon {unknown}
 f - a scroll of teleportation {unknown}
 g - 2 scrolls of noise {unknown}
 j - a scroll of poison {unknown}
 k - a scroll of identify {unknown}
Potions
 d - a potion of magic


   Skills:
 + Level 0.1 Short Blades
 + Level 0.3 Throwing
 + Level 2.5 Dodging
 + Level 2.9 Stealth
 - Level 5.0 Spellcasting
 + Level 1.1 Conjurations
 + Level 1.4 Summonings
 + Level 1.1 Translocations


You had 6 spell levels left.
You knew the following spells:

 Your Spells              Type           Power      Damage    Failure   Level
a - Magic Dart            Conj           28%        1d4       10%         1
b - Blink                 Tloc           14%        N/A       14%         2
c - Call Imp              Summ           16%        N/A       13%         2

Your spell library contained the following spells:

 Spells                   Type           Power      Damage    Failure   Level
 Summon Small Mammal      Summ           32%        N/A       9%          1
 Apportation              Tloc           14%        N/A       10%         1
 Necrotise                Necr           16%        1d4       16%         1
 Slow                     Hex            16%        N/A       16%         1
 Cigotuvi's Dreadful Rot  Necr/Pois/Air  8%         N/A       22%         2
 Mephitic Cloud           Conj/Pois/Air  5%         N/A       36%         3
 Inner Flame              Hex/Fire       4%         N/A       41%         3
 Yara's Violent Unravell  Hex/Tmut       2%         3d3       99%         5
 Enfeeble                 Hex            2%         N/A       100%        7


Dungeon Overview and Level Annotations

Branches:
Dungeon (2/15)

Altars:


Message History

You are poisoned.
The adder poisons you!
Your cerulean imp hits the adder from afar with a -4 spear.
The adder bites you.
You are lethally poisoned!
The adder poisons you!
You swap places.
You feel very sick. The adder bites your cerulean imp.
Your cerulean imp barely misses the adder.
You feel sick.
The adder barely misses your cerulean imp.
Your cerulean imp hits the adder but does no damage.
There is a stone staircase leading up here.
* * * LOW HITPOINT WARNING * * *
You feel sick.
The adder barely misses your cerulean imp.
Your cerulean imp hits the adder with a -4 spear.
You climb upwards.
* * * LOW HITPOINT WARNING * * *
You feel sick.
Your magical contamination has completely faded away.
There is a stone staircase leading down here.
You are lethally poisoned (2 -> -1).
Your movement speed is average.
Your attack delay is about 0.9.
Your damage rating with your +0 dagger is about 4 (Base 4 x 110% (Dex) x 100% (Skill)).
It was a potion of degeneration.
There was something very wrong with that liquid.
You feel weakened.
You feel dopey.
You feel clumsy.
* * * LOW HITPOINT WARNING * * *
You feel sick.
It was a potion of resistance.
You feel protected.
* * * LOW HITPOINT WARNING * * *
You feel sick.
You are lethally poisoned (1 -> -1).
You are resistant to the elements.
Your movement speed is average.
Your attack delay is about 0.9.
Your damage rating with your +0 dagger is about 4 (Base 4 x 102% (Dex) x 100% (Skill)).
Your base attributes are Str 7, Int 18, Dex 14.
You die...

##...............##.# #.#
##..)...........##.# #.#
#######...........(...##.#####.#
.............###'#####.......#.#
...........#.###'####.......>#.##
.......##.........#..........#...
.......##.........#.##......[####
.......##...........##.......#
#########.......@..###.......####
############ #.......#...
#.......#.## #.......#.#
#.....รทรท#.# #######.#.##
#..#... ############..####
#...............#


There were no monsters in sight!

Vanquished Creatures
  An endoplasm (D:1)
  A goblin (D:1)
  2 hobgoblins (D:1)
  2 kobolds (D:1)
  2 quokkas (D:1)
  A frilled lizard (D:1)
  A rat (D:1)
10 creatures vanquished.

Vanquished Creatures (collateral kills)
  A dart slug (D:1)
  A goblin (D:1)
  2 hobgoblins (D:1)
  2 rats (D:1)
6 creatures vanquished.

Grand Total: 16 creatures vanquished

Notes
Turn   | Place    | Note
-------+----------+-------------------------------------------
     0 | D:1      | monsoonserge the Deep Elf Hedge Wizard began the quest for
                  | the Orb.
     0 | D:1      | Reached XP level 1. HP: 10/10 MP: 7/7
   267 | D:1      | Reached skill level 5 in Spellcasting
   284 | D:1      | Reached XP level 2. HP: 11/15 MP: 1/10
   287 | D:1      | Learned a level 2 spell: Blink
   290 | D:1      | Learned a level 2 spell: Call Imp
  1076 | D:1      | Succumbed to an adder's poison

Illustrated notes

Levels and vault maps discovered:
D:1:      wheals_arrival_linesprint, layout_basic, hangedman_decor_push,
          minmay_crystal_water
D:2:      minmay_inner_zag, layout_basic, minmay_tetromino_t2

Skill      XL: |  1 |
---------------+----+-----
Spellcasting   | 5 |  5.0
Short Blades   | |  0.1
Throwing       | |  0.3
Dodging        | |  2.5
Stealth        | |  2.9
Conjurations   | |  1.1
Summonings     | |  1.4
Translocations | |  1.1

Action                     || total
---------------------------++-------
  Melee: Dagger            ||    22
  Throw: Boomerang         ||     4
   Cast: Magic Dart        ||    30
         Call Imp          ||     6
         Blink             ||     1
    Use: Potion            ||     2
   Stab: Sleeping          ||     1
 Armour: Robe              ||     4
  Dodge: Dodged            ||     9
